[Event "*** Qualifier 4: Titled Tuesday 3|2 Blitz"]
[Site "Chess.com"]
[Date "2017.04.25"]
[Round "1"]
[White "MyleneFarmer"]
[Black "Sanan_Sjugirov"]
[Result "0-1"]
[WhiteElo "2321"]
[BlackElo "2648"]
[TimeControl "180+2"]
[EndTime "13:07:38 PDT"]
[Termination "Sanan_Sjugirov won by checkmate"]

1. d4 Nf6 2. Nf3 e6 3. c4 d5 4. g3 Bb4+ 5. Bd2 Be7 6. Bg2 O-O 7. O-O c6 8. Qc2 b6 9. Nc3 Ba6 10. cxd5 cxd5 11. Rfc1 Bb7 12. Ne5 Nbd7 13. Nxd7 Qxd7 14. e3 Rfc8 15. Bf1 a6 16. a4 Bb4 17. Qb3 a5 18. Rc2 Rc7 19. Rac1 Rac8 20. Bd3 g6 21. Bb5 Qe7 22.
Bd3 Kg7 23. Be1 h5 24. h3 h4 25. g4 Ne8 26. f4 Nd6 27. Bf2 Rc6 28. Ne2 Nc4 29. Qa2 Bd2 30. Rxc4 dxc4 31. Rxc4 Rxc4 32. Bxc4 Be4 33. b3 Bb4 34. f5 exf5 35. Nf4 fxg4 36. hxg4 Qg5 37. Be2 Rc1+ 38. Bf1 Qxg4+ 39. Ng2 Qxg2# 0-1

[Event "*** Qualifier 4: Titled Tuesday 3|2 Blitz"]
[Site "Chess.com"]
[Date "2017.04.25"]
[Round "1"]
[White "poummba"]
[Black "Indianlad"]
[Result "0-1"]
[WhiteElo "2363"]
[BlackElo "2699"]
[TimeControl "180+2"]
[EndTime "13:07:39 PDT"]
[Termination "Indianlad won by resignation"]

1. e4 c5 2. Nf3 d6 3. d4 cxd4 4.
Nxd4 Nf6 5. Nc3 Bd7 6. g3 Nc6 7. Bg2 g6 8. O-O Bg7 9. Nxc6 bxc6 10. Re1 O-O 11. e5 dxe5 12. Rxe5 Rb8 13. Re1 c5 14. Rb1 Bf5 15. Qxd8 Rbxd8 16. Be3 Rc8 17. Nb5 a6 18. Na7 Rc7 19. Nc6 Rfc8 20. Bxc5 Rxc6 21.
Bxc6 Rxc6 22. Bxe7 Rxc2 23. Ba3 Bf8 24. Bxf8 Kxf8 25.
Rec1 Rd2 26. Rd1 Re2 27. Re1 Bxb1 28. Rxe2 Bxa2 29. Re5 Bc4 30. f3 Nd7 31. Ra5 Bb5 32. Kf2 Ne5 33. b3 Ke7 34. Ke3 Kd6 35. f4 Ng4+ 36.
Kd4 Nxh2 37. Ra1 Ng4 38. Rc1 h5 39. Rc8 Nh6 40. Rd8+ Ke7 0-1

[Event "*** Qualifier 4: Titled Tuesday 3|2 Blitz"]
[Site "Chess.com"]
[Date "2017.04.25"]
[Round "1"]
[White "rithwik2002"]
[Black "LawrenceTrent"]
[Result "0-1"]
[WhiteElo "1799"]
[BlackElo "2399"]
[TimeControl "180+2"]
[EndTime "13:07:42 PDT"]
[Termination "LawrenceTrent won by resignation"]

1. d4 Nf6 2. Bf4 e6 3. e3 c5 4. c3 Nc6 5. Nf3 d5 6. Nbd2 cxd4 7.
exd4 Nh5 8. Be3 Bd6 9. Ne5 g6 10. g4 Ng7 11. h4 h5 12. Bg5 Be7 13. Bxe7 Qxe7 14. g5 Nxe5 15. dxe5 Bd7 16. Bd3 Rc8 17. Qe2 a6 18. Nf3 O-O 19. Nd4 Rc7 20. f4 Rb8 21. a4 Rcc8 22. a5 Ne8 23. Kf2 Nc7 24.
Rae1 b6 25. axb6 Rxb6 26. Rhg1 Rcb8 27. b4 a5 28. Nc2 Ba4 29. bxa5 Rb2 30. Rc1 Qc5+ 31.
Qe3 Qxa5 32. Kg3 Bxc2 33. Rxc2 Rxc2 34. Bxc2 Nb5 35. Rb1 Rc8 36. Bd3 Rxc3 37. Qd2 Qa3 38. Rd1 Nd4 39. Kf2 Kg7 40. Bxg6 Rf3+ 41. Kg2 Rg3+ 42. Kf1 Qf3+ 0-1

[Event "*** Qualifier 4: Titled Tuesday 3|2 Blitz"]
[Site "Chess.com"]
[Date "2017.04.25"]
[Round "1"]
[White "GM_Donatello"]
[Black "prochn"]
[Result "0-1"]
[WhiteElo "2478"]
[BlackElo "2224"]
[TimeControl "180+2"]
[EndTime "13:07:44 PDT"]
[Termination "prochn won on time"]

1. e4 c6 2. d4 d5 3. e5 Bf5 4.
Nf3 e6 5. Be2 Nd7 6. O-O h6 7.
Nbd2 Ne7 8. c3 g5 9. Ne1 Qc7 10. a4 Bg7 11. a5 a6 12. b4 f6 13. exf6 Nxf6 14. Nb3 O-O 15. Be3 Ne4 16. Rc1 Nc8 17.
Nd3 Ncd6 18. Ndc5 Rae8 19. Bd3 e5 20. dxe5 Bxe5 21. g3 Nxc3 22. Qh5 Qg7 23. Rfe1 Nce4 24. Nxe4 Nxe4 25. Nc5 Nxc5 26. Bxc5 Bxd3 27. Bxf8 Rxf8 28. Re3 Be4 29. Qe2 Bd4 30. Rxe4 dxe4 0-1

[Event "*** Qualifier 4: Titled Tuesday 3|2 Blitz"]
[Site "Chess.com"]
[Date "2017.04.25"]
[Round "1"]
[White "yurisolo"]
[Black "politeplayer"]
[Result "1-0"]
[WhiteElo "2473"]
[BlackElo "2159"]
[TimeControl "180+2"]
[EndTime "13:07:54 PDT"]
[Termination "yurisolo won by resignation"]

1. e4 c5 2. Nf3 Nc6 3. Bb5 d6 4. O-O Bd7 5. Re1 Nf6 6. c3 a6 7.
Bf1 Bg4 8. h3 Bxf3 9. Qxf3 e6 10. d3 Be7 11. Be3 O-O 12. Nd2 Rc8 13. Qd1 d5 14. exd5 Nxd5 15. Ne4 Nxe3 16. Rxe3 Qb6 17. Qc2 f5 18. Nd2 Rf6 19. Rae1 Nd8 20. Nc4 Qc7 21. a4 b5 22. axb5 axb5 23. Ne5 Bd6 24. Qb3 f4 25. Re4 Bxe5 26. Rxe5 f3 27. g3 Rg6 28. Qxb5 Nf7 29. Rxe6 Rxe6 30. Rxe6 Rf8 31. Qc6 Qd8 32. Qxc5 Ng5 33.
Re5 h6 34. Qd5+ Qxd5 35. Rxd5 Re8 36. h4 Nf7 37. Rf5 Ne5 38. d4 Nc4 39. Bxc4+ 1-0

[Event "*** Qualifier 4: Titled Tuesday 3|2 Blitz"]
[Site "Chess.com"]
[Date "2017.04.25"]
[Round "1"]
[White "RichardLeyvaP"]
[Black "indfraeng"]
[Result "1-0"]
[WhiteElo "2396"]
[BlackElo "1761"]
[TimeControl "180+2"]
[EndTime "13:07:55 PDT"]
[Termination "RichardLeyvaP won by resignation"]

1. e4 c6 2. d4 d5 3. e5 Bf5 4. Nc3 e6 5. g4 Bg6 6. Nge2 h5 7. Nf4 hxg4 8. Nxg6 fxg6 9. Qxg4 Ne7 10. Qxe6 Qd7 11.
Qxd7+ Nxd7 12. Bg5 Nf5 13. O-O-O Bb4 14. Ne2 O-O 15.
h4 Rac8 16. Bh3 c5 17. f4 cxd4 18. Nxd4 Nc5 19. Nxf5 gxf5 20. Rxd5 Ne4 21. Bg2 Nxg5 22.
hxg5 b6 23. Rb5 Bc5 24. Bd5+ Rf7 25. g6 Kf8 26. gxf7 Ke7 27. Rxc5 bxc5 28. c4 Rb8 29. b3 a5 30. Kc2 Rf8 31. Rg1 Rh8 32. Rxg7 Rf8 33. Rg8 a4 34. bxa4 Rxf7 35. Bxf7 Kxf7 36. Rg5 Ke6 37. a5 Kd7 38. Rg6 Kc7 39. Rd6 1-0

[Event "*** Qualifier 4: Titled Tuesday 3|2 Blitz"]
[Site "Chess.com"]
[Date "2017.04.25"]
[Round "1"]
[White "BogdanDeac"]
[Black "stepanosinovsky"]
[Result "1-0"]
[WhiteElo "2559"]
[BlackElo "2265"]
[TimeControl "180+2"]
[EndTime "13:07:59 PDT"]
[Termination "BogdanDeac won by resignation"]

1. d4 Nf6 2. Bg5 c5 3. d5 Ne4 4.
Bf4 Qb6 5. Qc1 c4 6. e3 Qa5+ 7. Nd2 c3 8. bxc3 Nxc3 9. Bc4 b5 10. Bb3 d6 11. Ne2 g5 12. Bg3 Bg7 13. f3 Na6 14.
Kf2 Nc5 15. Re1 Bd7 16. Kf1 h5 17. Bf2 Rc8 18. e4 Nd3 19. cxd3 Nxe2 20. Qd1 Nc3 21. Qc2 Nxd5 22. Qb1 Nc3 23. Qb2 O-O 24. d4 b4 25. Kg1 Bb5 26. a3 Ne2+ 27. Rxe2 Bxe2 28. axb4 Qxb4 29. Bxf7+ Rxf7 30. Qxb4 Rcf8 31. Re1 Ba6 32.
Qa5 Bc8 33. Qxg5 Rf6 34. Qxh5 d5 35. Qxd5+ Be6 36. Qa5 Rg6 37. Qxa7 Bh3 38. g3 Bh6 39. Be3 Bg7 40. Qxe7 Rf7 41. Qe8+ Rf8 42. Qxg6 1-0

[Event "*** Qualifier 4: Titled Tuesday 3|2 Blitz"]
[Site "Chess.com"]
[Date "2017.04.25"]
[Round "1"]
[White "Elshan1985"]
[Black "mc4chess"]
[Result "1-0"]
[WhiteElo "2493"]
[BlackElo "2178"]
[TimeControl "180+2"]
[EndTime "13:08:00 PDT"]
[Termination "Elshan1985 won on time"]

1. d4 Nf6 2. c4 e5 3. dxe5 Ng4 4.
Bf4 Nc6 5. Nf3 Bb4+ 6. Nbd2 Qe7 7. a3 Ngxe5 8. Nxe5 Nxe5 9. e3 Bxd2+ 10. Qxd2 d6 11. Be2 a5 12. O-O Ng6 13. Bg3 O-O 14. b4 b6 15. Bf3 Ra7 16. Rac1 axb4 17. axb4 Ne5 18. Bd5 Be6 19. c5 bxc5 20. bxc5 Rd8 21. Bxe6 Qxe6 22. Rfd1 h6 23. Qd4 Raa8 24. h3 Rac8 25.
cxd6 cxd6 26. Rxc8 Rxc8 27. Qxd6 Qxd6 28. Rxd6 Rc1+ 29.
Kh2 Ng6 30. h4 Ne7 31. e4 g6 32. Be5 Rc8 33. Bf6 Nc6 34. f3 h5 35. Kg3 Kf8 36. Kf4 Ke8 37. Kg5 Nb8 38. Kh6 Nd7 39. Bg5 Rc2 40.
Ra6 1-0

[Event "*** Qualifier 4: Titled Tuesday 3|2 Blitz"]
[Site "Chess.com"]
[Date "2017.04.25"]
[Round "1"]
[White "SerGo055"]
[Black "iturrizaga"]
[Result "0-1"]
[WhiteElo "2323"]
[BlackElo "2659"]
[TimeControl "180+2"]
[EndTime "13:08:03 PDT"]
[Termination "iturrizaga won by checkmate"]

1. d4 Nf6 2. Nf3 b6 3. Bg5 Ne4 4. Bf4 Bb7 5. e3 g6 6. Nbd2 Bg7 7. Nxe4 Bxe4 8. Bd3 Bb7 9. O-O O-O 10. c4 c5 11. Qe2 Bxf3 12. Qxf3 Nc6 13. dxc5 Bxb2 14.
Rab1 Bg7 15. cxb6 axb6 16. Be4 Rc8 17. Rfd1 Na5 18. Bd3 d6 19. Rdc1 Rc5 20. e4 Bd4 21. Be3 Nc6 22. Bh6 Re8 23. Qe2 Qc7 24. Rb5 Ra8 25. g3 Ne5 26. Kg2 Ra3 27. Rb3 Ra4 28. Be3 Bxe3 29. Qxe3 Rxa2 30. h3 h5 31. Bf1 Qc6 32.
Rcb1 Nxc4 33. Bxc4 Rxc4 34. Rb4 Rxb4 35. Rxb4 b5 36. Qd3 Ra4 37. Rxb5 Qxe4+ 38. Qxe4 Rxe4 39. Kf3 Re5 40. Rb7 Kg7 41. Kf4 g5+ 42. Kf3 f5 43.
h4 g4+ 44. Kf4 Kf6 45. f3 Re1 46. Rb8 e5# 0-1

[Event "*** Qualifier 4: Titled Tuesday 3|2 Blitz"]
[Site "Chess.com"]
[Date "2017.04.25"]
[Round "1"]
[White "aa175"]
[Black "chipmunknau"]
[Result "0-1"]
[WhiteElo "1822"]
[BlackElo "2402"]
[TimeControl "180+2"]
[EndTime "13:08:05 PDT"]
[Termination "chipmunknau won by checkmate"]

1. d4 Nf6 2. Nc3 d5 3. Nf3 Bf5 4. e3 e6 5. Bd3 Bg6 6. Bxg6 hxg6 7. Qd3 a6 8. e4 dxe4 9. Nxe4 Nbd7 10. Bg5 Be7 11.
O-O-O Nxe4 12. Bxe7 Nxf2 13. Qe2 Qxe7 14. Qxf2 O-O-O 15. d5 exd5 16. Rxd5 Nb6 17. Re5 Qf6 18. Rhe1 Nc4 19.
Qa7 Qf4+ 20. Kb1 Nxe5 21. Qa8+ Kd7 22. Nxe5+ Qxe5 23. Qxd8+ Kxd8 24. Rxe5 Rxh2 25. Rd5+ Ke7 26. b3 Rxg2 27. Kb2 g5 28. Kc3 g4 29. Re5+ Kd6 30.
Rg5 g6 31. Kd4 Rxc2 32. Rxg4 Rxa2 33. Rf4 f5 34. Rf1 Rd2+ 35. Kc3 Re2 36. Rg1 Re6 37.
Kd4 c5+ 38. Kd3 Kd5 39. Rg5 b5 40. Rg3 Ke5 41. Kc3 Kf4 42. Rg1 Re3+ 43. Kc2 g5 44.
Rf1+ Ke4 45. Ra1 Re2+ 46. Kc3 b4+ 47. Kc4 Rc2# 0-1

[Event "*** Qualifier 4: Titled Tuesday 3|2 Blitz"]
[Site "Chess.com"]
[Date "2017.04.25"]
[Round "1"]
[White "Winehouse83"]
[Black "Rodalquilar"]
[Result "0-1"]
[WhiteElo "2259"]
[BlackElo "2557"]
[TimeControl "180+2"]
[EndTime "13:08:13 PDT"]
[Termination "Rodalquilar won by resignation"]

1. d4 Nf6 2. c4 e6 3. Nf3 d5 4.
Nc3 Bb4 5. Qb3 a5 6. e3 O-O 7. Bd2 Nc6 8. a3 Bxc3 9. Bxc3 a4 10. Qc2 Ne4 11. Bd3 Nxc3 12. bxc3 h6 13. O-O b6 14.
cxd5 exd5 15. c4 dxc4 16. Bxc4 Na5 17. Ba2 Bb7 18. Ne5 Bd5 19. Bb1 f5 20. Ba2 Nb3 21. Rad1 Qd6 22. Nc4 Qc6 23. Rc1 Nxc1 24. Rxc1 Bxc4 25.
Bxc4+ Kh8 26. Rb1 f4 27. e4 f3 28. gxf3 Qg6+ 29. Kh1 Qd6 30. Qc3 Rad8 31. d5 Rf4 32. e5 Qc5 33. Rc1 Qxf2 34. e6 Rh4 35. Qe5 Qxf3+ 36.
Kg1 Rg4+ 0-1

[Event "*** Qualifier 4: Titled Tuesday 3|2 Blitz"]
[Site "Chess.com"]
[Date "2017.04.25"]
[Round "1"]
[White "abubakrtagelsir"]
[Black "Ingemars_Jesse"]
[Result "1-0"]
[WhiteElo "2133"]
[BlackElo "2453"]
[TimeControl "180+2"]
[EndTime "13:08:15 PDT"]
[Termination "abubakrtagelsir won by checkmate"]

1. e4 g6 2. d4 Nf6 3. e5 Nh5 4.
Be2 d6 5. Bxh5 gxh5 6. exd6 Qxd6 7. Nc3 Rg8 8. Qxh5 Rxg2 9. Be3 Na6 10. O-O-O c6 11.
Nge2 Qg6 12. Qa5 Qf5 13. d5 b6 14. Qa4 b5 15. Qa5 b4 16. Nd4 Qe5 17. Nxc6 Qc7 18.
Qxc7 Nxc7 19. Nxb4 e5 20. Nd3 Bd6 21. Ne4 Ke7 22.
Bg5+ Kd7 23. Bf6 Bb7 24. Nxd6 Kxd6 25. Bxe5+ Kd7 26. Nc5+ Kc8 27. d6 Ne6 28. d7+ Kd8 29.
Nxe6+ fxe6 30. Bf6+ Kc7 31. d8=Q+ Rxd8 32. Bxd8+ Kc8 33. Ba5 Rxf2 34. Rd8# 1-0

[Event "*** Qualifier 4: Titled Tuesday 3|2 Blitz"]
[Site "Chess.com"]
[Date "2017.04.25"]
[Round "1"]
[White "Blitzstream"]
[Black "WeiYi1999"]
[Result "1-0"]
[WhiteElo "2453"]
[BlackElo "2079"]
[TimeControl "180+2"]
[EndTime "13:08:17 PDT"]
[Termination "Blitzstream won by checkmate"]

1. g3 Nf6 2. Bg2 e6 3. d3 d5 4. e3 c5 5. Ne2 b6 6. b3 Bb7 7.
Bb2 Be7 8. Nd2 O-O 9. h3 Nbd7 10.
a3 h6 11. O-O Rc8 12. f4 Qc7 13. Nf3 Kh8 14. g4 Nh7 15. Ng3 Bf6 16. Bxf6 Ndxf6 17. Ne5 d4 18. e4 g5 19. Qf3 Kg8 20. Qf2 b5 21. fxg5 hxg5 22. Nf3 Qf4 23. Ne2 Qb8 24. Qe1 Rfd8 25. Qd2 c4 26. Nxg5 c3 27. Qc1 Rc5 28.
Nxh7 Nxh7 29. Qh6 Qe5 30. Rxf7 Kxf7 31. Qxh7+ Ke8 32. Qxb7 Rd7 33. Qa8+ Ke7 34. Rf1 Qg5 35. Qf8# 1-0

[Event "*** Qualifier 4: Titled Tuesday 3|2 Blitz"]
[Site "Chess.com"]
[Date "2017.04.25"]
[Round "1"]
[White "Sebastian"]
[Black "dolynachess"]
[Result "1-0"]
[WhiteElo "2740"]
[BlackElo "2365"]
[TimeControl "180+2"]
[EndTime "13:08:18 PDT"]
[Termination "Sebastian won by resignation"]

1. e4 e6 2. d4 d5 3. exd5 exd5 4. Nf3 Bg4 5. h3 Bh5 6. Qe2+ Qe7 7. Be3 Nc6 8. Nc3 O-O-O 9. O-O-O Nf6 10. g4 Bg6 11. Nh4 Ne4 12. Nxg6 hxg6 13. Nxe4 Qxe4 14. Rg1 Bd6 15.
Bg2 Qe6 16. Rge1 Ne7 17. Qd3 Qd7 18. Kb1 Kb8 19. Bg5 f6 20. Bc1 g5 21. Re2 c6 22.
Rde1 Rde8 23. a3 a6 24. c4 Bf4 25. Bxf4+ gxf4 26. Re6 Nc8 27. cxd5 cxd5 28. Bxd5 Rd8 29. Bg2 Qxd4 30. Qxd4 Rxd4 31. R1e4 Rhd8 32. Rxd4 Rxd4 33. Kc2 Rd6 34. Re8 Kc7 35. Rg8 g5 36. Rg7+ Kd8 37.
Bxb7 Ne7 38. Be4 a5 39. Rh7 Rd4 40. f3 Kd7 41. h4 gxh4 42. Rxh4 Ke6 43. Rh5 a4 44. Ra5 1-0

[Event "*** Qualifier 4: Titled Tuesday 3|2 Blitz"]
[Site "Chess.com"]
[Date "2017.04.25"]
[Round "1"]
[White "Marcus_Harvey"]
[Black "saraswathii"]
[Result "1-0"]
[WhiteElo "2506"]
[BlackElo "2209"]
[TimeControl "180+2"]
[EndTime "13:08:21 PDT"]
[Termination "Marcus_Harvey won by resignation"]

1. Nf3 d5 2. b3 Bf5 3. Bb2 Nf6 4. d3 Nbd7 5. Nbd2 g6 6. g3 Bg7 7.
Bg2 O-O 8. O-O Re8 9. Re1 e5 10. e4 dxe4 11. dxe4 Bg4 12. h3 Bxf3 13. Bxf3 Qe7 14.
Nc4 Rad8 15. Qe2 b5 16. Na5 Qe6 17. Qxb5 Qxh3 18. Nc6 Ra8 19. Bg2 Qe6 20. Nb4 h5 21.
Rad1 h4 22. gxh4 Nf8 23. Nd5 c6 24. Nxf6+ Qxf6 25. Qd3 Qxh4 26. Qh3 Qf6 27. Qf3 Qe7 28. Bh3 Ne6 29. Bxe6 Qxe6 30. Kg2 Rad8 31. c4 f5 32. exf5 gxf5 33. Rxd8 Rxd8 34. Qg3 f4 35. Qg5 f3+ 36. Kg3 Rf8 37. Bxe5 Rf7 38. Bxg7 Qxe1 39. Bc3+ 1-0

[Event "*** Qualifier 4: Titled Tuesday 3|2 Blitz"]
[Site "Chess.com"]
[Date "2017.04.25"]
[Round "1"]
[White "scrapnel"]
[Black "Quiet_Desperation"]
[Result "1-0"]
[WhiteElo "2472"]
[BlackElo "2149"]
[TimeControl "180+2"]
[EndTime "13:08:25 PDT"]
[Termination "scrapnel won by resignation"]

1. d4 Nf6 2. Nf3 e6 3. c4 Bb4+ 4. Nbd2 b6 5. a3 Bxd2+ 6. Bxd2 h6 7. g3 Bb7 8. Bg2 O-O 9. O-O Be4 10. Bc3 Nc6 11.
Bh3 d6 12. Nd2 Bg6 13. Bg2 Qd7 14. e3 d5 15. Re1 Rad8 16. Rc1 Rfe8 17. Qa4 a5 18.
cxd5 exd5 19. Bf1 Ne7 20. Qxd7 Rxd7 21. Nf3 Ne4 22. Ne5 Rdd8 23. f3 Ng5 24. h4 Ne6 25.
Bb5 Rf8 26. Kf2 c5 27. Nd7 Rxd7 28. Bxd7 c4 29. g4 Rd8 30. Bxe6 fxe6 31. e4 h5 32. exd5 Nxd5 33. Rxe6 Bf7 34. Re5 hxg4 35. fxg4 Nf4 36. Kg3 Nd3 37. Rce1 Nxe5 38. Rxe5 Re8 39. Rxe8+ Bxe8 40.
d5 Bf7 41. d6 Be6 42. h5 Kf7 43. Kf4 Bd7 44. g5 Bc6 45. Ke5 Bf3 46. h6 gxh6 47.
gxh6 Kg6 48. d7 1-0

[Event "*** Qualifier 4: Titled Tuesday 3|2 Blitz"]
[Site "Chess.com"]
[Date "2017.04.25"]
[Round "1"]
[White "Mbneu"]
[Black "GrigorGrigorov"]
[Result "0-1"]
[WhiteElo "2182"]
[BlackElo "2493"]
[TimeControl "180+2"]
[EndTime "13:08:28 PDT"]
[Termination "GrigorGrigorov won by resignation"]

1. d4 Nf6 2. c4 e6 3. Nc3 Bb4 4.
Bg5 c5 5. dxc5 Na6 6. Nf3 Nxc5 7. Rc1 Nce4 8. Bd2 Nxd2 9. Nxd2 O-O 10. e3 b6 11. Be2 Bb7 12. O-O d5 13. cxd5 Nxd5 14. Nxd5 Qxd5 15. Bf3 Qd7 16. Bxb7 Qxb7 17. Qf3 Qxf3 18.
Nxf3 Rac8 19. Rfd1 g6 20. Kf1 Kg7 21. Ke2 Kf6 22. a3 Rxc1 23. Rxc1 Bd6 24. h3 g5 25.
Nd4 h5 26. Rc4 Be5 27. b4 Rd8 28. Nc6 Rd7 29. Nxe5 Kxe5 30. f3 f5 31. f4+ Kf6 32. g3 Rg7 33. Kf2 Rd7 34. Ke2 gxf4 35. exf4 Rg7 36.
Kf3 Rd7 37. Ke2 Kg6 38. Rc6 Re7 39. Kf3 Kf6 40. g4 hxg4+ 41. hxg4 fxg4+ 42. Kxg4 Rd7 43. Rc3 Rd4 44. Rc7 a5 45. bxa5 bxa5 46. Rc8 Rd3 47. Rf8+ Ke7 48. Rh8 Rxa3 49. Rh7+ Kd6 50. Kg5 Rg3+ 51.
Kf6 Rf3 52. Rh4 a4 53. Kg5 a3 54. Rh2 Kc5 55. Kg4 Re3 56. f5 exf5+ 57. Kxf5 Kc4 58. Kf4 Rc3 59. Ke4 Kb3 60. Kd4 Rc8 61. Kd3 a2 62. Rh1 Kb2 0-1

[Event "*** Qualifier 4: Titled Tuesday 3|2 Blitz"]
[Site "Chess.com"]
[Date "2017.04.25"]
[Round "1"]
[White "popov_m"]
[Black "pawnwonder"]
[Result "1-0"]
[WhiteElo "2405"]
[BlackElo "1864"]
[TimeControl "180+2"]
[EndTime "13:08:35 PDT"]
[Termination "popov_m won by resignation"]

1. Nf3 Nf6 2. c4 g6 3. g3 Bg7 4. Bg2 O-O 5. O-O d6 6. Nc3 c5 7. d4 Nc6 8. d5 Na5 9. Nd2 a6 10. a3 Qc7 11. e4 Rb8 12. a4 Bd7 13. h3 e6 14. Kh2 b6 15. Ra3 exd5 16. exd5 Rfe8 17.
b3 b5 18. axb5 axb5 19. Nxb5 Bxb5 20. cxb5 Rxb5 21. Nc4 Nxc4 22. bxc4 Rb4 23. Qc2 Nd7 24. Qa2 Ne5 25. Ra8 Reb8 26. Bf4 Nxc4 27. Rxb8+ Qxb8 28. Re1 Ne5 29. Qa6 Rb6 30. Qa4 Rb2 31. Kg1 Rb3 32. Be3 Rb4 33. Qa6 Qb7 34. Qa5 Nc4 35. Qd8+ Bf8 36.
Bh6 Qb8 37. Re8 Qxd8 38. Rxd8 Rb1+ 39. Kh2 1-0

[Event "*** Qualifier 4: Titled Tuesday 3|2 Blitz"]
[Site "Chess.com"]
[Date "2017.04.25"]
[Round "1"]
[White "ABDELAZEEZ-M"]
[Black "GulamaliRises"]
[Result "0-1"]
[WhiteElo "2172"]
[BlackElo "2480"]
[TimeControl "180+2"]
[EndTime "13:08:38 PDT"]
[Termination "GulamaliRises won on time"]

1. d4 c5 2. d5 e6 3. c4 exd5 4.
cxd5 d6 5. Nc3 g6 6. e4 a6 7. a4 Bg7 8. Be2 Ne7 9. Nf3 h6 10.
Bf4 g5 11. Bg3 Ng6 12. h4 Nf4 13. Bxf4 gxf4 14. Qd2 Qf6 15. e5 dxe5 16. Ne4 Qg6 17. Nxc5 e4 18. h5 Qh7 19. Qxf4 exf3 20. Bd3 f5 21. O-O-O O-O 22. gxf3 Bf6 23. Rhg1+ Bg5 24. Rde1 Kh8 25. Rxg5 hxg5 26. Qxg5 Qg7 27. Qh4 b6 28. Ne6 Bxe6 29. Rxe6 Ra7 30. Qf4 Qg1+ 31. Kc2 Rh7 32. Qe5+ Qg7 33. Qf4 Rxh5 34. d6 Nc6 35. d7 Nd4+ 0-1

[Event "*** Qualifier 4: Titled Tuesday 3|2 Blitz"]
[Site "Chess.com"]
[Date "2017.04.25"]
[Round "1"]
[White "pedromartinez91"]
[Black "GMBenjaminBok"]
[Result "1-0"]
[WhiteElo "2318"]
[BlackElo "2628"]
[TimeControl "180+2"]
[EndTime "13:08:40 PDT"]
[Termination "pedromartinez91 won by resignation"]

1. Nf3 c5 2. g3 Nc6 3. Bg2 g6 4.
O-O Bg7 5. c4 e5 6. d3 Nge7 7. Nc3 d6 8. Ne1 Be6 9. Nc2 O-O 10. Ne3 Rb8 11. Ned5 a6 12. a4 h6 13. e4 f5 14. exf5 Bxf5 15. Nxe7+ Qxe7 16. Be3 Qd7 17. Qd2 Kh7 18. Ne4 b5 19. axb5 axb5 20. Ra6 Rfc8 21. b3 bxc4 22. bxc4 Rc7 23. h4 Rd8 24. Rfa1 Bh3 25.
Bh1 Qe7 26. Nc3 Nb4 27. Ra8 Rxa8 28. Rxa8 Rc8 29. Rxc8 Bxc8 30. Nd5 Nxd5 31. Bxd5 Bf5 32. Be4 h5 33. Bg5 Qe6 34. Qe3 Qd7 35. Qf3 Qe6 36.
Kg2 Bf6 37. Bxf5 gxf5 38. Qxh5+ Kg7 39. Bxf6+ Qxf6 40. Qg5+ Qxg5 41. hxg5 Kg6 42. f4 Kh5 43. Kf3 Kg6 44. g4 fxg4+ 45. Kxg4 exf4 1-0

[Event "*** Qualifier 4: Titled Tuesday 3|2 Blitz"]
[Site "Chess.com"]
[Date "2017.04.25"]
[Round "1"]
[White "chesstatour"]
[Black "DariuszMikrut"]
[Result "0-1"]
[WhiteElo "1886"]
[BlackElo "2406"]
[TimeControl "180+2"]
[EndTime "13:08:52 PDT"]
[Termination "DariuszMikrut won by resignation"]

1. e4 c5 2. Nf3 d6 3. d4 cxd4 4.
Nxd4 Nf6 5. f3 e5 6. Nb3 d5 7.
exd5 Nxd5 8. c4 Bb4+ 9. Bd2 Ne3 10. Qc1 Bxd2+ 11. N3xd2 Nc6 12. Na3 Bf5 13. Qc3 Qd4 14.
Nb3 Qxc3+ 15. bxc3 O-O-O 16. g3 e4 17. f4 a6 18. h3 h5 19. Be2 Be6 20. Kf2 Nf5 21.
Rad1 Kc7 22. g4 hxg4 23. hxg4 Rxh1 24. Rxh1 Nfe7 25. f5 Bc8 26. Rh7 Rg8 27. f6 gxf6 28. Rxf7 Bxg4 29. Nd4 Bxe2 30. Kxe2 Rg2+ 31. Ke3 Rxa2 32.
Nac2 Kd7 33. Nxc6 bxc6 34. Nd4 c5 35. Nf5 Ke6 36. Rxe7+ Kxf5 37. Rc7 Ra5 38. Rc6 Ke5 39. Rc8 f5 40. Re8+ Kf6 41. Rf8+ Ke6 42. Re8+ Kf7 43. Rc8 Ra1 44. Kf4 Rf1+ 45. Ke3 Ke6 46. Rc6+ Ke5 47. Rxa6 f4+ 48. Ke2 Rh1 49. Rc6 Rh2+ 50. Kd1 f3 51.
Rxc5+ Kf4 52. Rc8 Rh1+ 53. Kd2 e3+ 54. Kc2 f2 55. Rf8+ Ke4 56. Re8+ Kf3 57. Rf8+ Ke2 58.
c5 f1=Q 0-1

[Event "*** Qualifier 4: Titled Tuesday 3|2 Blitz"]
[Site "Chess.com"]
[Date "2017.04.25"]
[Round "1"]
[White "tigra"]
[Black "MateusViageiro"]
[Result "1-0"]
[WhiteElo "2592"]
[BlackElo "2274"]
[TimeControl "180+2"]
[EndTime "13:09:02 PDT"]
[Termination "tigra won by resignation"]

1. e4 e5 2. Nf3 Nc6 3. Bb5 a6 4. Ba4 Nf6 5. O-O Be7 6. Re1 b5 7. Bb3 O-O 8. c3 d6 9. h3 Nb8 10. a4 Bb7 11. d3 Nbd7 12. Bc2 c5 13. Nbd2 Qc7 14. Qe2 Rfe8 15. Nh2 Bf8 16. Nhf1 d5 17. Qf3 dxe4 18. dxe4 c4 19. Ng3 Nc5 20. Ndf1 Rad8 21. axb5 axb5 22. Bg5 Ncd7 23. Nf5 Ra8 24. Rad1 Ra2 25.
Qg3 Kh8 26. Bc1 Nc5 27. Qh4 Ng8 28. N1g3 g6 29. Ne3 Bg7 30. Nd5 Qc8 31. Nb4 Ra8 32. Rd6 Ne6 33. Qg4 Nf6 34. Qf3 Nd7 35. Qxf7 Ndc5 36. Qf3 Rf8 37. Qg4 Qe8 38. Nf1 Bc8 39. Qd1 Nf4 40. Bxf4 exf4 41. Nh2 Bb7 42. Nf3 Qe7 43. e5 Rad8 44. Rxd8 Rxd8 45. Nd4 Bxe5 46. Qe2 Nd7 47. Nbc6 Bxc6 48. Nxc6 1-0

[Event "*** Qualifier 4: Titled Tuesday 3|2 Blitz"]
[Site "Chess.com"]
[Date "2017.04.25"]
[Round "1"]
[White "arna"]
[Black "Bengalas"]
[Result "0-1"]
[WhiteElo "2084"]
[BlackElo "2466"]
[TimeControl "180+2"]
[EndTime "13:09:02 PDT"]
[Termination "Bengalas won by checkmate"]

1. e4 c5 2. Nf3 e6 3. d4 cxd4 4.
Nxd4 Nc6 5. Nc3 Qc7 6. g3 a6 7. Bg2 d6 8. O-O Bd7 9. Re1 Be7 10.
Nxc6 Bxc6 11. e5 Bxg2 12. Kxg2 dxe5 13. Qg4 h5 14. Qe4 h4 15. Qxe5 Qxe5 16. Rxe5 Bf6 17. Rc5 Ne7 18. Ne4 hxg3 19. hxg3 O-O 20. Rc7 Nd5 21.
Rxb7 Rab8 22. Rxb8 Rxb8 23. c3 a5 24. a4 Be5 25. Nc5 Bd6 26. Nd3 e5 27. f3 f5 28.
Ra2 Kf7 29. Kf2 Ke6 30. Ke2 Be7 31. Bd2 Rc8 32. Ra1 Rh8 33. Rf1 Nb6 34. b3 Nd7 35. b4 Nb6 36. Ra1 Rh2+ 37. Nf2 Nc4 38. Be1 Bd8 39. b5 Bb6 40. Rd1 Nb2 41. Ra1 Nc4 42.
Rd1 Nb2 43. Ra1 g5 44. Kf1 Nc4 45. Kg1 Rh8 46. Kg2 Ne3+ 47. Kg1 Nc4 48. Rd1 Nb2 49. Ra1 Rc8 50. Kg2 Nc4 51. Rd1 Ne3+ 52. Kh3 Rh8# 0-1

[Event "*** Qualifier 4: Titled Tuesday 3|2 Blitz"]
[Site "Chess.com"]
[Date "2017.04.25"]
[Round "1"]
[White "LonesomeGeorge1"]
[Black "ViIIagra"]
[Result "0-1"]
[WhiteElo "2208"]
[BlackElo "2498"]
[TimeControl "180+2"]
[EndTime "13:09:05 PDT"]
[Termination "ViIIagra won by checkmate"]

1. d4 Nf6 2. Bf4 g6 3. Nc3 d5 4. e3 Bg7 5. h4 c5 6. Nb5 Na6 7. c3 cxd4 8. exd4 Bd7 9. a4 O-O 10. h5 Nxh5 11. Rxh5 gxh5 12. Qxh5 f5 13. Nf3 Qe8 14.
Qh2 Rc8 15. Bd3 Rf6 16. Kd2 Rb6 17. Ne5 Bxe5 18. Bxe5 Rg6 19. Rh1 Qf7 20. f3 Rf8 21.
b3 f4 22. Nxa7 h6 23. Bxg6 Qxg6 24. Qxh6 Qxg2+ 25. Kc1 Bf5 26. Rh2 Qg1+ 27. Kd2 Qe3+ 28. Kd1 Qxf3+ 29. Kc1 Qxc3+ 30. Kd1 Qf3+ 31. Kc1 Qc3+ 32.
Kd1 Bg4+ 33. Re2 Bxe2+ 34. Kxe2 Qe3+ 35. Kd1 Qg1+ 36. Kd2 Qg2+ 37. Kd1 Qg4+ 38. Kd2 f3 39. Nb5 f2 40. Qh8+ Kf7 41. Qh7+ Ke8 42. Nd6+ exd6 43. Bxd6 Qg5+ 44. Kc2 f1=Q 45. Qxb7 Qgc1# 0-1